 Dungeon Crawl Stone Soup version 0.31-a0-845-g9abc20d24f (webtiles) character file.

Game seed: 642928906505941396

511 nsfwizard01 the Covert (level 6, -2/44 HPs)
             Began as a Vampire Brigand on Oct 2, 2023.
             Was a Follower of Nemelex Xobeh.
             Slain by Splishie's ghost (7 damage)
             ... on level 4 of the Dungeon.
             The game lasted 00:17:32 (3623 turns).

nsfwizard01 the Covert (Vampire Brigand)            Turns: 3623, Time: 00:17:32

Health: -2/44      AC:  5    Str: 16    XL:     6   Next: 99%
Magic:  6/6        EV: 13    Int: 13    God:    Nemelex Xobeh [*.....]
Gold:   276        SH:  0    Dex: 18    Spells: 5/5 levels left

rFire   + . .        a - +2 dagger
rCold   + . .        (no shield)
rNeg    + . .        s - +2 leather armour {rN+}
rPois   +            (no helmet)
rElec   +            g - scarf {shadows}
rCorr   +            (no gloves)
SInv    +            (no boots)
Will    .....        f - amulet of magic regeneration
Stlth   ++++         n - ring of resist corrosion
HPRegen 0.47/turn    j - +6 ring of strength
MPRegen 0.50/turn

%: no passive effects
@: resistant, healing quickly
A: alive, fangs 3, see invisible, vampiric 2
a: Exsanguinate, Renounce Religion, Draw Escape, Draw Destruction, Draw
Summoning


You were on level 4 of the Dungeon.
You worshipped Nemelex Xobeh.
Nemelex Xobeh was aware of your devotion.
You visited 1 branch of the dungeon, and saw 4 of its levels.
You also visited: Sewer.

You collected 276 gold pieces.

Inventory:

Hand Weapons
 a - a +2 dagger (weapon)
 t - a +2 heavy scimitar
Missiles
 c - 2 poisoned darts
Armour
 g - a scarf of shadows (worn)
 s - a +2 leather armour of positive energy (worn)
Jewellery
 e - a ring of magical power
 f - an amulet of magic regeneration (around neck)
 j - a +6 ring of strength (right hand)
 n - a ring of resist corrosion (left hand)
 q - a ring of poison resistance
Talismans
 i - a beast talisman
Wands
 k - a wand of flame (20)
 r - a wand of light (9)
Scrolls
 h - a scroll of teleportation {unknown}
 u - a scroll of enchant weapon {unknown}
Potions
 m - a potion of haste {unknown}
 o - 2 potions of enlightenment
 p - a potion of curing


   Skills:
 - Level 1.7 Fighting
 + Level 4.5(4.6) Short Blades
 - Level 0.9(2.7) Long Blades
 - Level 1.5 Throwing
 + Level 3.8 Dodging
 + Level 9.7 Stealth
 - Level 1.0 Shapeshifting


You had 5 spell levels left.
You didn't know any spells.
Your spell library contained the following spells:

 Spells                   Type           Power      Damage    Failure   Level
 Apportation              Tloc           0%         N/A       36%         1
 Ozocubu's Armour         Ice            0%         N/A       75%         3
 Ozocubu's Refrigeration  Ice            0%         4d7       100%        7


Dungeon Overview and Level Annotations

Branches:
Dungeon (4/15)              Sewer (visited)
 Temple: D:4-7

Altars:
Nemelex Xobeh

Shops:
D:1 :

Annotations:
D:4 Splishie's ghost, amateur GnSh


Innate Abilities, Weirdness & Mutations

Your natural rate of healing is accelerated.
You have razor-sharp teeth.
You have supernaturally acute eyesight. (SInv)
You are afflicted with vampirism and can become a bat while bloodless.


Message History

You hit the bullfrog skeleton.
The bullfrog skeleton is heavily damaged.
The bullfrog skeleton closely misses you.
You hit the bullfrog skeleton.
The bullfrog skeleton is heavily damaged.
The bullfrog skeleton hits you.
You hit the bullfrog skeleton. You punch the bullfrog skeleton.
You bite the bullfrog skeleton.
You destroy the bullfrog skeleton!
You miss Splishie's ghost. Splishie's ghost hits you.
You hit Splishie's ghost.
Splishie's ghost is lightly damaged.
Splishie's ghost hits you.
You hit Splishie's ghost.
You punch Splishie's ghost, but do no damage.
Splishie's ghost is lightly damaged.
Splishie's ghost freezes you.
You are frozen.
* * * LOW HITPOINT WARNING * * *
Okay, then.
As you read the scroll labelled RYNWUEB VOR QOAP, it crumbles to dust.
You hear a loud clanging noise!
It was a scroll of noise.
Splishie's ghost hits you!
* * * LOW HITPOINT WARNING * * *
As you read the scroll labelled SEOVEU VIOFF, it crumbles to dust.
It is a scroll of identify.
d - a potion of resistance You feel protected.
The centaur zombie hits you.
* * * LOW HITPOINT WARNING * * *
The centaur zombie kicks you but does no damage.
Splishie's ghost hits you but does no damage.
The centaur zombie hits you but does no damage.
The centaur zombie closely misses you.
Splishie's ghost attacks as it pursues you!
Splishie's ghost hits you but does no damage.
Splishie's ghost attacks as it pursues you!
Splishie's ghost hits you!
You die...
Your body disappears without a glow.

................................#
................................#
.....(..........................#
.###'#.....###'###########+###...
.#...#.....#..........#......#...
.#...#.....#..........#......#...
.#...#.....#........[.#......#...
.#...#.....#......Z...'.....)#...
.#...#.....#....@W....#.Z....#...
.#...#.....#......#######W.......
.###...........####.#.#.#........
##.##########..####.....#...#####
....# #.....# #....'...# ....#
#.....##.?...'...# ....#
#.....###"...'..## ....#
#.....##.....#..# ....#
#.....##.#.#.####


You could see Splishie's ghost and a centaur zombie.

Vanquished Creatures
  The ghost of Shayle the Conjurer, an amateur DsRe (D:3)
  A kobold brigand (Sewer)
  A hound (D:4)
  A bullfrog zombie (D:4)
  A bullfrog skeleton (D:4)
  Jessica (D:2)
  An orc wizard (D:3)
  3 gnolls (D:4)
  8 adders
  A river rat (Sewer)
  3 worms
  A dart slug (D:4)
  8 orcs
  8 ball pythons
  4 bats
  4 endoplasms
  6 giant cockroaches
  7 hobgoblins
  6 jackals
  8 quokkas
  5 frilled lizards
  7 goblins
  7 kobolds
  4 rats (D:1)
97 creatures vanquished.

Notes
Turn   | Place    | Note
-------+----------+-------------------------------------------
     0 | D:1      | nsfwizard01 the Vampire Brigand began the quest for the
                  | Orb.
     0 | D:1      | Reached XP level 1. HP: 16/16 MP: 1/1
    72 | D:1      | Reached skill level 6 in Stealth
   156 | D:1      | Reached XP level 2. HP: 21/22 MP: 2/2
   282 | D:1      | Found Moeriv's Vocational Training.
   384 | D:1      | Found a faded altar of an unknown god.
   389 | D:1      | Got a whispering book
   519 | D:2      | Reached skill level 7 in Stealth
   529 | D:2      | Gained mutation: You are afflicted with vampirism and can
                  | become a bat while bloodless. [Vampire growth]
   529 | D:2      | Reached XP level 3. HP: 27/27 MP: 3/3
   576 | D:1      | HP: 1/27 [jackal (2)]
   890 | D:2      | Noticed Jessica
   907 | D:2      | Killed Jessica
   908 | D:2      | Reached XP level 4. HP: 24/33 MP: 4/4
  1356 | D:3      | Found a glowing drain.
  1375 | Sewer    | Entered a sewer
  1425 | Sewer    | Noticed a kobold brigand
  1480 | Sewer    | Killed a kobold brigand
  1481 | Sewer    | Reached skill level 8 in Stealth
  1481 | Sewer    | Reached XP level 5. HP: 21/38 MP: 5/5
  1764 | D:3      | Found a sparkling altar of Nemelex Xobeh.
  1769 | D:3      | Became a worshipper of Nemelex Xobeh the Trickster
  1933 | D:3      | Reached skill level 1 in Shapeshifting
  2380 | D:3      | Found a runed translucent door.
  2380 | D:3      | Noticed Shayle's ghost (amateur DsRe)
  2402 | D:3      | Killed Shayle's ghost
  2403 | D:3      | Reached skill level 9 in Stealth
  2403 | D:3      | Reached XP level 6. HP: 36/44 MP: 6/6
  2792 | D:4      | Reached * piety under Nemelex Xobeh
  3094 | D:4      | Found a runed translucent gate.
  3094 | D:4      | Found a runed translucent gate.
  3099 | D:4      | Found a runed translucent gate.
  3256 | D:4      | Received a gift from Nemelex Xobeh
  3584 | D:4      | Noticed Splishie's ghost (amateur GnSh)
  3623 | D:4      | Slain by Splishie's ghost

Illustrated notes

Levels and vault maps discovered:
D:1:      denvon_arrival_planthouse, layout_rooms,
          shapermc_ecumenical_altar_rom_forum, st_stairs_13, hex_intersection,
          nicolae_shop_vocational
D:2:      layout_rooms, nicolae_elevator_lobby_asterisk, uniq_jessica
D:3:      layout_loops_corners, nemelex_dance_club_becter,
          ebering_ghost_inner_flame, gup_sewer_entry_pipe,
          kennysheep_decorative_pillar
D:4:      layout_gridville, gammafunk_ghost_necromancy

Skill      XL: |  1  2  3  4  5  6 |
---------------+-------------------+-----
Stealth        | 6 7 8 9 |  9.7
Short Blades   | 3 4 |  4.5
Dodging        | 2 3 |  3.8
Shapeshifting  | 1 |  1.0
Fighting       | |  1.7
Long Blades    | |  0.9
Throwing       | |  1.5

Action                     |  1- 3 |  4- 6 || total
---------------------------+-------+-------++-------
  Melee: Dagger            |    82 |   182 ||   264
         Bite              |     7 |    26 ||    33
         Punch             |     2 |     4 ||     6
         Unarmed           |       |     1 ||     1
         Scimitar          |       |    47 ||    47
  Throw: Dart              |       |     3 ||     3
  Evoke: Wand              |       |     1 ||     1
    Use: Potion            |     1 |     6 ||     7
         Scroll            |       |     2 ||     2
   Stab: Sleeping          |     9 |    19 ||    28
 Armour: Robe              |    39 |    40 ||    79
         Skin              |    12 |    43 ||    55
         Leather armour    |       |   125 ||   125
  Dodge: Dodged            |    61 |   181 ||   242
   Form: Beast             |       |     1 ||     1
                           |       |     1 ||     1

Table legend: (Time is in decaauts)
 A = Elapsed time spent in this place.
 B = Non-inter-level travel time spent in this place.
 C = Inter-level travel time spent in this place.
 D = Time resting spent in this place.
 E = Time spent auto-exploring this place.
 F = Levels seen in this place.
 G = Mean time per level.
                   A        B        C        D        E       F      G
               +--------+--------+--------+--------+--------+-----+--------+
         Total |   3679 |   3679 |      0 |    132 |   2260 |   5 |  735.8 |
       Dungeon |   3348 |   3348 |      0 |     81 |   2142 |   4 |  837.0 |
         Sewer |    330 |    330 |      0 |     51 |    118 |   1 |  330.0 |
               +--------+--------+--------+--------+--------+-----+--------+

Top non-repeatable levels by time:
     D:3: 1143 daAuts
     D:4: 1026 daAuts
     D:1: 597 daAuts
     D:2: 580 daAuts
   Sewer: 330 daAuts
